nyob, neutral male human Monk --- |...| --------- --------#####...^+ --.------------- |<......+## |......|# |..$| n |..............| |.......| # #.......|# --- ...i...........| |........#######||......# n |.....%........| |.......| # --------# c ------|--------- ----.---- ###(####%#%### ## [ # ##f ### # -----------|-- -------------h- |...........>| | |.....D....@..| |.q.......`... |....$...... Lq-hoh......\fJ.| |............| | |oHoh.....?)..| -------------- w |TGhT........`| --------------- nyob the Student of Stones Experience level: 11 Strength: 18/16 Dexterity: 18 Constitution: 17 Intelligence: 9 Wisdom: 16 Charisma: 6 Health: 83(83) Energy: 52(56) Def: 6 Gold: 0 Moves: 16931 Dungeon seed: GN_fxSpTaNoc49Jh Game ID: nyob_1521582793 Your Inventory: Armor e - an uncursed +2 pair of leather gloves (being worn) y - an uncursed +1 pair of low boots (being worn) L - a blessed very rusty +1 helmet (being worn) Comestibles f - 3 uncursed apples S - an uncursed tripe ration Scrolls g - an uncursed scroll of confuse monster l - 2 uncursed scrolls of teleportation x - an uncursed scroll of scare monster Rings u - an uncursed ring of teleportation v - an uncursed ring of protection from shape changers R - an uncursed ring of sustain ability W - an uncursed ring of teleport control Wands r - a wand of magic missile (0:0) t - a wand of teleportation (0:3) w - a wand of cancellation named unknown (0:3) B - a wand of striking (1:3) D - a wand of cancellation (0:5) E - a wand of speed monster (0:3) G - a wand of fire (0:3) Y - a wand of sleep (0:3) Tools b - a +0 pick-axe c - an uncursed skeleton key h - an uncursed brass lantern (0:1289) k - an uncursed towel C - a +0 unicorn horn F - an uncursed blindfold (being worn) J - an uncursed bag of holding named holding from sokoban T - an uncursed magic whistle X - an uncursed bag of holding named holding Contents of the bag of holding named holding: 17470 gold pieces the rustproof +0 Giantslayer a +0 worm tooth 4 uncursed food rations an uncursed scroll of blank paper an uncursed scroll of create monster an uncursed scroll of earth an uncursed scroll of fire an uncursed scroll of food detection an uncursed scroll of identify 3 uncursed scrolls of teleportation an uncursed spellbook of detect food an uncursed spellbook of detect monsters an uncursed spellbook of dig an uncursed spellbook of identify an uncursed spellbook of magic missile a blessed spellbook of protection an uncursed spellbook of stone to flesh 2 uncursed potions of object detection 3 uncursed potions of water an uncursed ring of stealth a wand of digging (0:6) a wand of light (0:14) a wand of opening (0:6) a wand of probing (0:8) a wand of striking (0:5) a wand of striking (0:3) a wand of striking (0:0) a wand of teleportation named unknown (0:6) a cursed lock pick an uncursed mirror an uncursed skeleton key an uncursed skeleton key 3 uncursed tallow candles (0:200) 11 uncursed tallow candles (0:200) an uncursed tin opener 25 uncursed wax candles (0:400) an uncursed wax candle (0:400) 6 cursed wax candles (0:400) 4 uncursed amber stones 4 uncursed amethyst stones 2 uncursed aquamarine stones 2 uncursed diamonds an uncursed dilithium crystal 4 uncursed emeralds an uncursed garnet stone an uncursed jacinth stone 3 uncursed jade stones 2 uncursed jasper stones 2 uncursed opals an uncursed ruby an uncursed sapphire 3 uncursed worthless pieces of black glass 6 uncursed worthless pieces of green glass 7 uncursed worthless pieces of orange glass 8 uncursed worthless pieces of red glass 13 uncursed worthless pieces of violet glass 6 uncursed worthless pieces of white glass 8 uncursed worthless pieces of yellow glass 2 cursed worthless pieces of yellow glass 2 uncursed worthless pieces of yellowish brown glass Spells and supernatural/magical abilities: Name Level Category Fail Memory d - dig 5 matter 100% 90% m - magic missile 2 attack 55% 34% n - detect monsters 1 divination 55% 62% p - protection 1 clerical 55% 16% E - detect food 2 divination 66% 66% S - stone to flesh 3 healing 60% 44% W - pray for help -- divine ? -- Your skills at the end: Fighting Skills martial arts [Grand Master] Weapon Skills Spellcasting Skills attack spells [Basic] healing spells [Basic] clerical spells [Basic] Final Attributes: You were piously aligned. You were fire resistant. You were sleep resistant. You were poison resistant. You saw invisible. You were telepathic. You were warned. You had automatic searching. You were stealthy. You were fast. You are dead. Vanquished creatures: a gray dragon a blue dragon a baby green dragon a vampire lord an Aleax a frost giant a black pudding 2 ghosts a queen bee 2 giant mimics a fire giant 2 ice trolls a rock troll an umber hulk a flesh golem 3 large mimics a wumpus 3 long worms a stalker 6 earth elementals a giant mummy 6 xorns a giant zombie 2 water demons 4 wargs a winter wolf 4 small mimics 2 xans 2 quantum mechanics 8 trolls a gelatinous cube a freezing sphere 3 shocking spheres a large cat a gargoyle a tengu 4 mountain centaurs 4 stone giants 2 elf mummies a human mummy a red naga 2 pythons a carnivorous ape an ettin zombie a leather golem an incubus a chameleon 2 giant beetles 3 quivering blobs 4 cockatrices 2 wolves a winter wolf cub a lynx a panther 2 gremlins a spotted jelly 4 leprechauns 3 orc-captains a mumak 5 giant spiders 3 scorpions 2 ice vortices 2 black lights a vampire bat 4 forest centaurs 7 gnome kings 2 orc mummies a dwarf mummy 3 ogres a brown pudding 2 rust monsters 5 owlbears 2 yetis a gold golem a Green-elf 3 lizards a chickatrice 2 dogs a dingo 2 jaguars a dwarf lord 3 blue jellies 3 white unicorns 3 dust vortices a raven 5 plains centaurs 4 gnome mummies a snake a human zombie a rope golem 4 Woodland-elves 17 bugbears a quasit a wood nymph 7 water nymphs 2 mountain nymphs 13 Mordor orcs 11 Uruk-hai 3 orc shamans 4 rock piercers 2 rock moles 2 ponies 4 fog clouds 2 yellow lights a shrieker a violet fungus 15 gnome lords 8 gnomish wizards 3 kobold mummies a red naga hatchling a black naga hatchling a golden naga hatchling 6 gray oozes 5 elf zombies a ghoul 3 straw golems a paper golem a baby crocodile 5 giant ants 2 little dogs 9 floating eyes 21 dwarves a homunculus 3 kobold lords 2 kobold shamans 9 hill orcs 7 rothes 2 rabid rats a giant bat 4 monkeys 6 orc zombies 3 dwarf zombies a wererat 7 iguanas 23 killer bees an acid blob a coyote 3 gas spores 6 hobbits 3 manes a large kobold 21 hobgoblins 2 giant rats 11 cave spiders 2 brown molds 3 yellow molds 3 red molds 62 gnomes 8 garter snakes 4 gnome zombies 4 geckos 18 jackals 3 foxes 7 kobolds 7 goblins 2 sewer rats 21 grid bugs 2 bats 8 lichens 2 kobold zombies 15 newts 636 creatures vanquished. Voluntary challenges: You had been an atheist until turn 2589. You used a wielded weapon 16 times, starting on turn 7258. You read items or engraved 77 times, starting on turn 571. You never genocided any monsters. You never polymorphed an object. You never changed form. You used no wishes. You never split a pudding. You never wrote Elbereth's name. You violated your moral code, losing 68 points of alignment, starting on turn 1517. Dungeon overview: The Dungeons of Doom: levels 1 to 23 Level 1 a long staircase Level 2 an altar to Shan Lai Ching, a fountain Level 3 some fountains stairs to The Gnomish Mines Level 4 Level 5 many fountains Level 6 some fountains stairs to Sokoban Level 7 a fountain Level 8 Level 9 a temple to Huan Ti Level 10 Level 11 an altar to Huan Ti, a fountain Level 12 portal to The Quest Level 13 a fountain Level 14 an altar to Chih Sung-tzu, some fountains Level 15 some fountains Level 16 Level 17 Level 18 an altar to Huan Ti, a sink, a throne Level 19 (treasury level) Level 20 a temple to Shan Lai Ching, a fountain Level 21 Level 22 a fountain, a sink Level 23 <- You were here a throne The Gnomish Mines: levels 4 to 11 Level 4 stairs to The Dungeons of Doom Level 5 Level 6 Level 7 some shops, a temple to Chih Sung-tzu, some fountains, a sink Level 8 Level 9 Level 10 Level 11 The Quest: Level 1 a temple to Moloch portal to The Dungeons of Doom Sokoban: levels 2 to 5 Level 2 Level 3 Level 4 Level 5 stairs to The Dungeons of Doom History has recorded: On T:1 you entered the Dungeons of Doom to retrieve the Amulet of Yendor! On T:409 you reached level 2 of The Dungeons of Doom. On T:640 you reached level 3 of The Dungeons of Doom. On T:857 you reached level 1 of The Gnomish Mines. On T:955 you advanced to experience level 2. On T:963 you advanced to experience level 3. On T:977 you advanced to experience level 4. On T:1159 you reached level 2 of The Gnomish Mines. On T:1234 you advanced to experience level 5. On T:1751 you advanced to experience level 6. On T:1791 you reached level 3 of The Gnomish Mines. On T:2200 you reached level 4 of The Gnomish Mines. On T:2379 you advanced to experience level 7. On T:2773 you reached level 5 of The Gnomish Mines. On T:3167 you reached level 6 of The Gnomish Mines. On T:3238 you advanced to experience level 8. On T:3476 you reached level 7 of The Gnomish Mines. On T:3835 you reached level 8 of The Gnomish Mines. On T:4435 you advanced to experience level 9. On T:5164 you received Giantslayer from Chih Sung-tzu. On T:5759 you reached level 4 of The Dungeons of Doom. On T:5998 you reached level 5 of The Dungeons of Doom. On T:6060 you received advice from The Oracle. On T:6281 you reached level 6 of The Dungeons of Doom. On T:6493 you reached level 4 of Sokoban. On T:6733 you reached level 3 of Sokoban. On T:7324 you reached level 2 of Sokoban. On T:7758 you reached level 1 of Sokoban. On T:9086 you reached level 7 of The Dungeons of Doom. On T:9334 you reached level 8 of The Dungeons of Doom. On T:9879 you reached level 9 of The Dungeons of Doom. On T:10018 you advanced to experience level 10. On T:10139 you reached level 10 of The Dungeons of Doom. On T:10413 you reached level 11 of The Dungeons of Doom. On T:10744 you reached level 12 of The Dungeons of Doom. On T:10995 you reached level 1 of The Quest. On T:11036 you reached level 13 of The Dungeons of Doom. On T:11572 you reached level 14 of The Dungeons of Doom. On T:11670 you reached level 15 of The Dungeons of Doom. On T:12719 you reached level 16 of The Dungeons of Doom. On T:13722 you reached level 17 of The Dungeons of Doom. On T:13802 you advanced to experience level 11. On T:14396 you reached level 18 of The Dungeons of Doom. On T:15067 you reached level 19 of The Dungeons of Doom. On T:15317 you reached level 20 of The Dungeons of Doom. On T:15632 you reached level 21 of The Dungeons of Doom. On T:16000 you reached level 22 of The Dungeons of Doom. On T:16266 you reached level 23 of The Dungeons of Doom. Score breakdown: Gold: 17470 (14430 points) Experience: 11 levels (17616 points) Exploration: 23 levels ( 47.92%) (20525 points) Discoveries: 63 items ( 22.50%) (14230 points) Valuables value: (no points given unless you survive) Artifact value: 0 ( 0 points) Variety of kills: 161 monsters ( 42.26%) (19501 points) Turncount: 16931 turns (-3156 points) Survival: died (score multiplied by 80%) Total score: 66516 Latest messages: You displace invisible stupid4. You displace stupid7. Never mind. You try to feel what is lying here on the floor. You feel here a set of blue dragon scales. The blast of disintegration whizzes by you! The bolt of fire hits the black dragon! The bolt of fire hits the black dragon! The bolt of fire hits the black dragon! The blast of disintegration hits you! Your robe crumbles and turns to dust! The bag of holding named holding from sokoban is empty. The bag of holding named holding from sokoban is empty. Final status: Goodbye nyob the Monk, killed by a blast of disintegration... You died in The Dungeons of Doom on dungeon level 23 with 66516 points, and 17470 pieces of gold, after 16931 moves. You were level 11 with a maximum of 83 hit points when you died.